 Dungeon Crawl Stone Soup version 0.30-a0-739-gea05faddec (webtiles) character file.

Game seed: 13244622067577078487

2131 KleinerIrrer the Grappler (level 9, -2/72 HPs)
             Began as a Meteoran Wanderer on Feb 4, 2023.
             Was an Initiate of Cheibriados.
             Slain by a wyvern (6 damage)
             ... on level 9 of the Dungeon.
             The game lasted 00:23:19 (4494 turns).

KleinerIrrer the Grappler (Meteoran Wanderer)       Turns: 4494, Time: 00:23:20

Health: -2/72      AC:  8    Str: 16    XL:     9   Next: 85%
Magic:  9/14       EV: 14    Int: 19    God:    Cheibriados [......]
Gold:   293        SH:  0    Dex: 14    Spells: 13/14 levels left

rFire   + . .      SeeInvis .      - Unarmed
rCold   x . .      Faith    .    v - orb {light}
rNeg    . . .      Spirit   .    k - +0 steam dragon scales
rPois   .          Reflect  .    (no helmet)
rElec   +          Harm     .    h - +0 cloak
rCorr   .          Rampage  .    c - +0 pair of gloves
Will    +....                    (no boots)
Stlth   +                        (no amulet)
HPRegen 0.32/turn                j - ring of fire
MPRegen 0.14/turn                (no ring)

@: about to teleport, glowing, very slow
A: sense surroundings 2, otherworldly, glowing, explore regen, electricity
resistance, wild magic 1
a: Renounce Religion


You were on level 9 of the Dungeon.
You worshipped Cheibriados.
Cheibriados was noncommittal.
You visited 2 branches of the dungeon, and saw 10 of its levels.

You collected 293 gold pieces.

Inventory:

Hand Weapons
 a - a +1 shortbow of flaming
 x - a +2 dagger of electrocution
Missiles
 i - 3 javelins
 o - 2 curare-tipped darts
 u - 4 atropa-tipped darts
Armour
 c - a +0 pair of gloves (worn)
 h - a +0 cloak (worn)
 k - +0 steam dragon scales (worn)
 v - an orb of light (worn)
 w - a +1 robe of the Archmagi
Jewellery
 j - a ring of fire (left hand)
Wands
 p - a wand of roots (21)
 q - a wand of paralysis (2)
Scrolls
 d - 3 scrolls of teleportation
 l - a scroll of immolation
 m - 2 scrolls of noise
 r - a scroll of brand weapon {unknown}
 s - a scroll of blinking {unknown}
 t - 5 scrolls of identify
Potions
 b - a potion of resistance
 e - a potion of attraction {unknown}
 f - a potion of invisibility
 g - 2 potions of flight {unknown}
 n - a potion of haste


   Skills:
 - Level 4.3 Fighting
 - Level 5.8 Armour
 - Level 5.0 Dodging
 - Level 1.4 Stealth
 * Level 11.2 Unarmed Combat
 - Level 3.0 Spellcasting
 - Level 0.3 Conjurations
 - Level 2.5 Fire Magic


You had 13 spell levels left.
You knew the following spells:

 Your Spells              Type           Power      Damage    Failure   Level
a - Foxfire               Conj/Fire      64%        2x1d7     13%         1

Your spell library contained the following spells:

 Spells                   Type           Power      Damage    Failure   Level
 Kiss of Death            Conj/Necr      16%        2d6       21%         1
 Inner Flame              Hex/Fire       14%        N/A       34%         3
 Confusing Touch          Hex            3%         N/A       50%         3
 Frozen Ramparts          Ice            6%         1d1       50%         3
 Dispel Undead            Necr           3%         3d7       88%         4
 Ice Form                 Ice/Tmut       3%         N/A       88%         4
 Summon Ice Beast         Ice/Summ       3%         N/A       88%         4
 Blade Hands              Tmut           1%         N/A       99%         5
 Irradiate                Conj/Tmut      2%         3d12      99%         5
 Iskenderun's Battlesphe  Conj           5%         2d6       99%         5
 Iron Shot                Conj/Erth      2%         9d2       100%        6
 Dragon Form              Tmut           1%         N/A       100%        7
 Spellforged Servitor     Conj/Summ      2%         N/A       100%        7


Dungeon Overview and Level Annotations

Branches:
Dungeon (9/15) Zot: 2022   Temple (1/1) D:7 Zot: 780    Lair (0/5) D:9
    Orc: D:9-12

Altars:
Ashenzari
Cheibriados
Dithmenos
Elyvilon
Fedhas
Gozag
Hepliaklqana
Kikubaaqudgha
Makhleb
Nemelex Xobeh
Okawaru
Qazlal
Ru
Sif Muna
Trog
Uskayaw
Wu Jian
Xom
Yredelemnul
Zin
The Shining One

Shops:
D:7 (   D:8 *


Innate Abilities, Weirdness & Mutations

You passively map the area around you.
You are easily found by Zot.
You glow in the dark.
You regain HP and MP as you explore.
You are resistant to electric shocks. (rElec)
Your spells are a little harder to cast, but a little more powerful.


Message History

The elephant trunk-slaps you.
The foxfire hits the black bear but does no damage.
Casting: Foxfire (safe; 13% risk of failure)
Press: ? - help, Q - select action, (/) - cycle Dir - look around, f - activate You feel a surge of power!
You conjure some foxfire!
The foxfire hits the wyvern.
The wyvern is heavily wounded.
The wyvern bites you! The elephant tramples you.
You hold your ground!
The elephant trunk-slaps you but does no damage.
The wyvern bites you.
Your magical contamination has completely faded away.
Casting: Foxfire (safe; 13% risk of failure)
Press: ? - help, Q - select action, (/) - cycle Dir - look around, f - activate You feel a surge of power!
You conjure some foxfire!
The foxfire hits the wyvern but does no damage.
The wyvern is heavily wounded.
The wyvern bites you. The elephant tramples you!
You hold your ground!
The elephant trunk-slaps you but does no damage.
The black bear bites you!
* * * LOW HITPOINT WARNING * * *
The black bear claws you but does no damage.
The black bear claws you.
* * * LOW HITPOINT WARNING * * *
Okay, then.
As you read the scroll of teleportation, it crumbles to dust.
You feel strangely unstable.
The foxfire hits the wyvern.
The wyvern is heavily wounded.
The foxfire hits the wyvern but does no damage.
The wyvern is heavily wounded.
The foxfire hits the wyvern.
The wyvern is severely wounded.
The wyvern bites you.
* * * LOW HITPOINT WARNING * * *
The black bear bites you.
* * * LOW HITPOINT WARNING * * *
The black bear claws you but does no damage. x2
The elephant tramples you!
* * * LOW HITPOINT WARNING * * *
You hold your ground!
The elephant closely misses you. The wyvern bites you.
You die...

#.#.........# #.# #..
####.#.#.#.....# #.# #..
.....#.#.......# #.# #..
###....#.#.....# #.# #..
...### #..#.##########.#
#.. ....**
#..#............# #.. ,
#.#..#.#################..
, #.......h.§......
#<..... ,
...........l@§......,
#####.. ,
...........Y.§...... ,,
..# ,
>.....####.##########*
#### ,, .....** #.# ....
#.# , ... , #.# * , P..
#.. *,, , .# * * * , ,


You could see an elephant, a black bear and a wyvern.

Vanquished Creatures
  Sigmund (D:2)
  A steam dragon (D:8)
  2 water moccasins
  A sky beast (D:8)
  2 black bears
  An ogre (D:6)
  A centaur (D:6)
  2 kobold brigands
  3 bullfrogs (D:8)
  3 necrophages
  4 wights (D:9)
  A howler monkey (D:5)
  2 hounds
  A jelly (D:4)
  An orc priest (D:4)
  An iguana (D:4)
  10 gnolls
  9 adders
  2 shadow imps (D:7)
  A white imp (D:7)
  4 ufetubi
  A worm (D:3)
  3 dart slugs
  6 orcs
  A ball python (D:1)
  4 endoplasms
  8 goblins
  9 hobgoblins
  14 kobolds
  5 quokkas
  A bat (D:2)
  2 frilled lizards
  3 rats
110 creatures vanquished.

Vanquished Creatures (others)
  284 foxfires
284 creatures vanquished.

Grand Total: 394 creatures vanquished

Notes
Turn   | Place    | Note
-------+----------+-------------------------------------------
     0 | D:1      | KleinerIrrer the Meteoran Wanderer began the quest for the
                  | Orb.
     0 | D:1      | KleinerIrrer set off with the following items: a +0 club, a
                  | potion of haste, a +0 pair of gloves, a potion of curing, a
                  | +0 leather armour, a potion of berserk rage; and the
                  | following spell memorised: Foxfire; and the following
                  | spells available to memorise: Inner Flame.
     0 | D:1      | Reached XP level 1. HP: 14/14 MP: 5/5
   238 | D:1      | Reached XP level 2. HP: 20/20 MP: 4/6
   495 | D:1      | Glimpsed the power of Zot.
   536 | D:2      | Reached skill level 1 in Dodging
   541 | D:2      | Reached XP level 3. HP: 12/27 MP: 0/8
   698 | D:2      | Noticed Sigmund
   713 | D:2      | Reached skill level 1 in Fighting
   713 | D:2      | Reached skill level 3 in Unarmed Combat
   713 | D:2      | Reached XP level 4. HP: 25/35 MP: 9/9
   723 | D:2      | Killed Sigmund
   724 | D:2      | Reached skill level 4 in Unarmed Combat
   724 | D:2      | Reached XP level 5. HP: 19/41 MP: 10/10
   724 | D:2      | Reached XP level 6. HP: 22/48 MP: 11/11
  1516 | D:4      | Reached skill level 5 in Unarmed Combat
  1516 | D:4      | Reached XP level 7. HP: 56/56 MP: 5/12
  1723 | D:5      | Entered Level 5 of the Dungeon
  1850 | D:5      | Reached skill level 6 in Unarmed Combat
  2231 | D:5      | Reached XP level 8. HP: 48/63 MP: 7/13
  2382 | D:6      | Reached skill level 5 in Armour
  2402 | D:6      | You fall into a shaft and drop 3 floors!
  2449 | D:9      | Noticed a troll
  2491 | D:8      | Reached skill level 7 in Unarmed Combat
  2546 | D:8      | Found Idouwke's General Store.
  2547 | D:8      | Noticed a steam dragon
  2562 | D:8      | Killed a steam dragon
  2563 | D:8      | Reached skill level 5 in Dodging
  2563 | D:8      | Gained mutation: You passively map the area around you.
                  | [Meteoran growth]
  2563 | D:8      | Reached XP level 9. HP: 65/72 MP: 12/14
  2715 | D:8      | Reached skill level 8 in Unarmed Combat
  2810 | D:7      | Found a staircase to the Ecumenical Temple.
  2820 | Temple   | Entered the Ecumenical Temple
  2880 | Temple   | Became a worshipper of Cheibriados the Contemplative
  2918 | D:7      | Reached skill level 9 in Unarmed Combat
  3206 | D:7      | Found Foud's Weapon Shop.
  3645 | D:6      | Reached skill level 10 in Unarmed Combat
  3667 | D:6      | Gained mutation: Your spells are a little harder to cast,
                  | but a little more powerful. [potion of mutation]
  3667 | D:6      | Gained mutation: Your flesh is cold resistant. (rC+)
                  | [potion of mutation]
  3667 | D:6      | Lost mutation: Your flesh is cold resistant. (rC+) [potion
                  | of mutation]
  3667 | D:6      | Gained mutation: You are resistant to electric shocks.
                  | (rElec) [potion of mutation]
  4270 | D:9      | Reached skill level 11 in Unarmed Combat
  4480 | D:9      | Noticed an elephant
  4494 | D:9      | Slain by a wyvern

Illustrated notes

Levels and vault maps discovered:
D:1:      dpeg_arrival_water_fire, layout_basic, hangedman_abyss_or_decor_stabs
D:2:      layout_loops_ring, shapermc_ecumenical_altar_flowoftime,
          chequers_serial_rivers_small_b, minmay_quantized, uniq_sigmund
D:3:      layout_loops_corners, minmay_joined_circles, uniq_robin
D:4:      layout_cave_pools
D:5:      layout_rooms, serial_glass, glass_columns_a, glass_columns_a,
          glass_columns_c, glass_columns_a, glass_columns_b, glass_columns_b,
          glass_columns_a, glass_columns_a, grunt_decor_clamped
D:6:      minmay_chambers_of_fours, layout_basic, minivault_25
D:7:      layout_basic, minmay_temple_entry_butterflies, serial_shops,
          kennysheep_mini_moat
D:8:      layout_rooms, serial_shops, shop
D:9:      layout_basic, david_lair_generic, chequers_garden
Temple:   nicolae_temple_the_god_donut

Skill      XL: |  1  2  3  4  5  6  7  8  9 |
---------------+----------------------------+-----
Spellcasting   | 3 |  3.0
Dodging        | 1 2 3 5 |  5.0
Armour         | 3 4 5 |  5.8
Fighting       | 1 2 3 4 |  4.3
Unarmed Combat | 3 4 5 6 7 11 | 11.2
Stealth        | |  1.4
Conjurations   | |  0.3
Fire Magic     | |  2.5

Action                     |  1- 3 |  4- 6 |  7- 9 || total
---------------------------+-------+-------+-------++-------
  Melee: Unarmed           |    41 |    38 |   175 ||   254
         Punch             |       |       |     9 ||     9
   Fire: Sling             |     7 |       |       ||     7
   Cast: Foxfire           |    22 |    28 |   118 ||   168
    Use: Potion            |     3 |       |     7 ||    10
         Scroll            |     1 |     2 |     6 ||     9
 Armour: Leather armour    |    40 |    12 |    23 ||    75
         Steam dragon scal |       |       |    49 ||    49
  Dodge: Dodged            |    61 |    17 |   167 ||   245

Table legend: (Time is in decaauts)
 A = Elapsed time spent in this place.
 B = Non-inter-level travel time spent in this place.
 C = Inter-level travel time spent in this place.
 D = Time resting spent in this place.
 E = Time spent auto-exploring this place.
 F = Levels seen in this place.
 G = Mean time per level.
                   A        B        C        D        E       F      G
               +--------+--------+--------+--------+--------+-----+--------+
         Total |   4771 |   2016 |   2755 |    479 |    517 |  10 |  477.1 |
       Dungeon |   4681 |   2012 |   2669 |    479 |    517 |   9 |  520.1 |
        Temple |     89 |      3 |     86 |      0 |      0 |   1 |   89.0 |
               +--------+--------+--------+--------+--------+-----+--------+

Top non-repeatable levels by time:
     D:7: 1017 daAuts
     D:5: 584 daAuts
     D:8: 535 daAuts
     D:1: 526 daAuts
     D:3: 520 daAuts
     D:6: 463 daAuts
     D:2: 382 daAuts
     D:9: 364 daAuts
     D:4: 287 daAuts
  Temple: 89 daAuts
